 Dungeon Crawl Stone Soup version 0.27.0-1-g7a089689b8 (webtiles) character file.

Game seed: 17496715479587059945

9463 SweetAndFullOfGrace the Grappler (level 11, 0/105 HPs)
             Began as a Troll Delver on Aug 1, 2021.
             Slain by a quicksilver ooze (12 damage)
             ... on level 1 of the Pits of Slime.
             The game lasted 01:09:00 (8047 turns).

SweetAndFullOfGrace the Grappler (Troll Delver)     Turns: 8047, Time: 01:09:01

Health: 0/105      AC:  6    Str: 18    XL:     11   Next: 23%
Magic:  7/15       EV: 10    Int:  9    God:
Gold:   434        SH:  0    Dex:  9    Spells: 7/16 levels left

rFire    . . .     SeeInvis .     - Unarmed
rCold    . . .     Faith    .   (no shield)
rNeg     . . .     Spirit   .   R - +0 troll leather armour
rPois    .         Reflect  .   (helmet restricted)
rElec    .         Harm     .   r - scarf {+Inv}
rCorr    .         Rampage  .   (gloves unavailable)
Will     .....                  (boots unavailable)
Stlth    ++........             (no amulet)
HPRegen  2.27/turn              (no ring)
MPRegen  0.14/turn              (no ring)

@: engulfed (cannot breathe)
A: large, unfitting armour, claws 3, regeneration 1, shaggy fur 1, tough skin 1,
antennae 1, clumsy 1, weak 2, MP-powered wands
a: Evoke Invisibility


You were on level 1 of the Pits of Slime.
You visited 4 branches of the dungeon, and saw 15 of its levels.

You collected 434 gold pieces.

Inventory:

Hand Weapons
 q - a +1 dagger of venom
 s - a +0 morningstar
 w - a +0 giant spiked club
 B - a +0 scythe
 H - a +1 dagger of electrocution
 J - a +3 short sword
Missiles
 m - 284 stones (quivered)
 u - 7 boomerangs
 x - 51 poisoned darts
Armour
 a - a +0 robe
 r - a scarf of invisibility (worn)
 z - a +0 kite shield
 L - a +1 robe of cold resistance
 M - a +0 kite shield
 R - a +0 troll leather armour (worn)
Magical Staves
 O - a staff of cold
Jewellery
 h - the ring of Lisoc {Fly rPois rF- rC+++ Slay-3}
   (You found it on level 1 of the Lair of Beasts)

   [ring of flight]

   Slay:      It affects your accuracy & damage with ranged weapons and melee
   (-3).
   rF:        It makes you vulnerable to fire.
   rC:        It renders you almost immune to cold.
   rPois:     It protects you from poison.
   Fly:       It grants you flight.
 N - an amulet of faith
Wands
 f - a wand of digging (6)
 n - a wand of charming (10)
 E - a wand of flame (2)
 G - a wand of polymorph (2)
 P - a wand of mindburst (11)
Scrolls
 b - a scroll of fog
 d - a scroll of fear
 g - a scroll of teleportation
 i - 4 scrolls of noise
 o - a scroll of vulnerability
 v - a scroll of torment
 y - a scroll of enchant weapon
 C - a scroll of immolation
 Q - a scroll of enchant armour
Potions
 e - a potion of haste
 j - 2 potions of brilliance
 k - 3 potions of curing
 p - a potion of flight


   Skills:
 + Level 6.3 Fighting
 + Level 4.5 Armour
 + Level 5.9 Dodging
 - Level 2.7 Stealth
 - Level 3.0 Shields
 * Level 9.9 Unarmed Combat
 + Level 3.4 Spellcasting
 - Level 0.2 Translocations
 + Level 2.5 Transmutations
 + Level 3.2 Earth Magic
 + Level 2.1 Poison Magic
 + Level 1.0 Evocations


You had 7 spell levels left.
You knew the following spells:

 Your Spells              Type           Power      Damage    Failure   Level
a - Beastly Appendage     Tmut           12%        N/A       12%         1
b - Spider Form           Tmut/Pois      2%         N/A       36%         3
c - Passwall              Tmut/Erth      5%         N/A       16%         2
d - Teleport Other        Tloc           2%         N/A       67%         3

Your spell library contained the following spells:

 Spells                   Type           Power      Damage    Failure   Level
 Wereblood                Tmut           6%         N/A       19%         2
 Gell's Gravitas          Tloc           1%         N/A       67%         3
 Lesser Beckoning         Tloc           1%         N/A       67%         3
 Swiftness                Air            1%         N/A       71%         3
 Invisibility             Hex            0%         N/A       100%        6


Dungeon Overview and Level Annotations

Branches:
Dungeon (8/15)             Temple (1/1) D:4            Lair (5/6) D:8
  Swamp (0/4) Lair:2       Spider (0/4) Lair:4        Slime (1/5) Lair:5

Altars:
Ashenzari
Elyvilon
Fedhas
Gozag
Hepliaklqana
Kikubaaqudgha
Makhleb
Nemelex Xobeh
Okawaru
Qazlal
Ru
Sif Muna
Uskayaw
Vehumet
Wu Jian
Xom
Yredelemnul
Zin
The Shining One

Shops:
D:4 (   D:5 [   D:6 *

Annotations:
Lair:1 exclusion: 2 oklob plants


Innate Abilities, Weirdness & Mutations

You are too large for most types of armour.
You have claws for hands.
Your natural rate of healing is unusually fast.
You are covered in fur. (AC +1)
You have tough skin. (AC +1)
You have a pair of small antennae on your head.
You are clumsy. (Dex -2)
You are very weak. (Str -4)
You expend magic power (3 MP) to strengthen your wands.


Message History

Okay, then.
Press: ? - help, v - describe, . - travel
Here: a quicksilver ooze The floor.
You cannot read scrolls while unable to breathe!
You barely miss the quicksilver ooze.
Your lungs strain for air!
The quicksilver ooze closely misses you.
The quicksilver ooze hits you but does no damage.
The golden eye blinks at you.
You are confused.
You slip free of the ooze engulfing you.
A golden eye comes into view.
Your lungs strain for air!
The golden eye turns its gaze towards you.
The quicksilver ooze hits you!!
* * * LOW HITPOINT WARNING * * *
The quicksilver ooze completely misses you.
The golden eye blinks at you.
You are more confused.
The quicksilver ooze misses you. The quicksilver ooze barely misses you.
Unknown command.
You miss the quicksilver ooze.
* * * LOW HITPOINT WARNING * * *
Your lungs strain for air!
An azure jelly comes into view.
The golden eye blinks at you. You resist with almost no effort.
The quicksilver ooze hits you. The quicksilver ooze hits you!
* * * LOW HITPOINT WARNING * * *
You feel your power leaking away. The golden eye blinks at you.
You are more confused.
You are too confused!
Unknown command.
You feel better.
* * * LOW HITPOINT WARNING * * *
Your lungs strain for air!
The quicksilver ooze hits you!
You die...

............ .
...........J ..
...GG....... ...
#......#....
..#.....#.#..
...G.....# #......#
#.@J.## ###
##.....### ##..
#......#.## #####..8
##.##.....###.......
## #...............
###.............
##.#....###..8
#####..# ##.. #....#
###


You could see an azure jelly, a quicksilver ooze and 3 golden eyes.

Vanquished Creatures
  A shining eye (Slime:1)
  Joseph (Lair:1)
  A black mamba (Lair:1)
  A rime drake (Lair:1)
  2 cane toads (Lair:1)
  A komodo dragon (Lair:2)
  A troll (D:8)
  4 blink frogs (Lair:1)
  2 slime creatures (Lair:5)
  Sigmund (D:4)
  9 yaks
  A wyvern (D:7)
  Grum (Lair:1)
  4 steam dragons
  4 water moccasins
  Duvessa (D:6)
  A black bear (D:6)
  6 ogres
  A necrophage (D:5)
  3 centaurs
  7 wolves
  3 kobold brigands
  6 scorpions
  3 bullfrogs
  A wyvern zombie (D:5)
  Dowan (D:6)
  A killer bee (Lair:1)
  4 electric eels (D:8)
  9 hounds
  2 jellies (Lair:5)
  A centaur skeleton (D:4)
  A bullfrog skeleton (D:4)
  3 iguanas
  3 orc wizards
  A gnoll (D:1)
  6 adders
  A howler monkey skeleton (D:4)
  A shadow imp (D:8)
  3 white imps
  3 ufetubi (D:4)
  2 adder skeletons
  A dart slug (D:4)
  12 orcs
  6 ball pythons
  5 bats
  6 endoplasms
  3 giant cockroaches
  10 hobgoblins
  2 jackals (D:5)
  20 kobolds
  2 quokkas
  A ball python skeleton (D:2)
  2 frilled lizards (D:1)
  8 goblins
  4 rats
190 creatures vanquished.

Vanquished Creatures (others)
  5 dream sheep (D:7)
  A briar patch (Lair:1)
  12 fungi
  7 plants
25 creatures vanquished.

Grand Total: 215 creatures vanquished

Notes
Turn   | Place    | Note
-------+----------+-------------------------------------------
     0 | D:5      | SweetAndFullOfGrace the Troll Delver began the quest for
                  | the Orb.
     0 | D:5      | Reached XP level 1. HP: 22/22 MP: 0/0
   308 | D:3      | Found a faded altar of an unknown god.
   596 | D:3      | Reached XP level 2. HP: 23/29 MP: 1/1
   952 | D:1      | Reached skill level 2 in Dodging
   956 | D:1      | Reached XP level 3. HP: 36/36 MP: 2/2
  1089 | D:1      | Reached skill level 3 in Unarmed Combat
  1509 | D:2      | Reached XP level 4. HP: 42/44 MP: 3/3
  1532 | D:2      | Reached skill level 3 in Fighting
  1884 | D:4      | Found Zira's Weapon Shop.
  1939 | D:4      | Noticed a kobold brigand
  1951 | D:4      | Killed a kobold brigand
  1951 | D:4      | Noticed a kobold brigand
  1952 | D:4      | Reached skill level 4 in Unarmed Combat
  1952 | D:4      | Reached XP level 5. HP: 35/53 MP: 4/4
  2082 | D:4      | Reached XP level 6. HP: 61/61 MP: 5/5
  2114 | D:4      | Noticed Sigmund
  2127 | D:4      | Killed Sigmund
  2128 | D:4      | Reached skill level 3 in Dodging
  2128 | D:4      | Reached skill level 5 in Unarmed Combat
  2319 | D:4      | Reached XP level 7. HP: 67/68 MP: 6/6
  2435 | D:4      | Reached skill level 4 in Fighting
  2708 | D:4      | Found a staircase to the Ecumenical Temple.
  2714 | Temple   | Entered the Ecumenical Temple
  2908 | D:5      | Found Ziheskif's Antique Armour Emporium.
  2995 | D:5      | Reached skill level 6 in Unarmed Combat
  3028 | D:5      | Reached skill level 1 in Armour
  3076 | D:5      | Reached skill level 1 in Spellcasting
  3175 | D:5      | Reached XP level 8. HP: 74/79 MP: 8/8
  3210 | D:5      | Reached skill level 4 in Dodging
  3380 | D:5      | Found an ornate altar of the Wu Jian Council.
  3670 | D:5      | Reached skill level 2 in Armour
  3745 | D:6      | Identified a scroll of acquirement
  3788 | D:6      | Found Fiunomp's Elemental Accessories.
  3802 | D:6      | Reached skill level 7 in Unarmed Combat
  3862 | D:6      | Noticed Duvessa
  3862 | D:6      | Noticed Dowan
  3887 | D:6      | Killed Duvessa
  3892 | D:6      | Killed Dowan
  3926 | D:6      | Reached skill level 1 in Shields
  4087 | D:6      | Reached skill level 2 in Spellcasting
  4127 | D:6      | Reached XP level 9. HP: 78/87 MP: 11/11
  4161 | D:6      | Reached skill level 5 in Fighting
  4609 | D:6      | Learned a level 2 spell: Passwall
  4871 | D:7      | Reached skill level 3 in Armour
  4900 | D:7      | Reached skill level 2 in Shields
  4900 | D:7      | Reached skill level 8 in Unarmed Combat
  4916 | D:7      | Found a shimmering altar of Xom.
  4996 | D:7      | Found a burning altar of Makhleb.
  5006 | D:7      | Found a radiant altar of Vehumet.
  5007 | D:7      | Found a white marble altar of Elyvilon.
  5725 | D:8      | Noticed a troll
  5746 | D:8      | Killed a troll
  5747 | D:8      | Reached skill level 5 in Dodging
  5827 | D:8      | Reached skill level 1 in Earth Magic
  5873 | D:8      | Found a staircase to the Lair.
  5876 | D:8      | Reached skill level 1 in Transmutations
  5911 | Lair:1   | Entered Level 1 of the Lair of Beasts
  5940 | Lair:1   | Acquired a book of Changes
  5944 | Lair:1   | Learned a level 1 spell: Beastly Appendage
  5948 | Lair:1   | Learned a level 3 spell: Spider Form
  5952 | Lair:1   | Learned a level 3 spell: Teleport Other
  5962 | Lair:1   | Noticed Grum
  5978 | Lair:1   | Reached XP level 10. HP: 86/97 MP: 13/13
  5988 | Lair:1   | Killed Grum
  6080 | Lair:1   | Noticed Joseph
  6092 | Lair:1   | Gained mutation: You are weak. (Str -2) [potion of
                  | mutation]
  6092 | Lair:1   | Gained mutation: Your magical capacity is low. (-10% MP)
                  | [potion of mutation]
  6092 | Lair:1   | Gained mutation: You are robust. (+10% HP) [potion of
                  | mutation]
  6102 | Lair:1   | Killed Joseph
  6103 | Lair:1   | Reached skill level 3 in Shields
  6157 | Lair:1   | Noticed a cane toad
  6181 | Lair:1   | Killed a cane toad
  6182 | Lair:1   | Reached skill level 9 in Unarmed Combat
  6359 | Lair:1   | Found a transporter.
  6400 | Lair:1   | Noticed a cane toad
  6431 | Lair:1   | Killed a cane toad
  6432 | Lair:1   | Reached skill level 3 in Spellcasting
  6432 | Lair:1   | Reached skill level 2 in Earth Magic
  6517 | Lair:1   | Lost mutation: Your magical capacity is low. (-10% MP)
                  | [potion of mutation]
  6517 | Lair:1   | Lost mutation: You are robust. (+10% HP) [potion of
                  | mutation]
  6517 | Lair:1   | Gained mutation: You expend magic power (3 MP) to
                  | strengthen your wands. [potion of mutation]
  6517 | Lair:1   | Gained mutation: You are clumsy. (Dex -2) [potion of
                  | mutation]
  6517 | Lair:1   | Gained mutation: You have a pair of small antennae on your
                  | head. [potion of mutation]
  6735 | Lair:1   | Found a blossoming altar of Fedhas.
  6738 | Lair:1   | Noticed an oklob plant
  6738 | Lair:1   | Noticed an oklob plant
  6781 | Lair:1   | Noticed a six-headed hydra
  6883 | Lair:2   | Reached skill level 4 in Armour
  6883 | Lair:2   | Reached skill level 1 in Poison Magic
  6946 | Lair:2   | Reached skill level 2 in Transmutations
  6953 | Lair:2   | Reached skill level 6 in Fighting
  7107 | Lair:1   | Found a transporter.
  7183 | Lair:1   | Identified the ring of Lisoc {Fly rPois rF- rC+++ Slay-3}
  7485 | Lair:1   | Reached XP level 11. HP: 43/105 MP: 15/15
  7522 | Lair:1   | Reached skill level 3 in Earth Magic
  7553 | Lair:1   | Reached skill level 2 in Poison Magic
  7607 | Lair:1   | HP: 4/105 [wolf (9)]
  7722 | Lair:2   | Noticed a five-headed hydra
  7754 | Lair:4   | Identified the +2 leather armour of the Gate {rC+ Regen+
                  | Dex-4}
  7769 | Lair:4   | Noticed a five-headed hydra
  7835 | Lair:5   | Found a staircase to the Slime Pits.
  7950 | Slime:1  | Entered Level 1 of the Pits of Slime
  7950 | Slime:1  | Noticed a shining eye
  7955 | Slime:1  | Gained mutation: You are very weak. (Str -4) [a shining
                  | eye]
  7958 | Slime:1  | Killed a shining eye
  7959 | Slime:1  | Reached skill level 1 in Evocations
  8038 | Slime:1  | Noticed a quicksilver ooze
  8046 | Slime:1  | Noticed an azure jelly
  8046 | Slime:1  | HP: 9/105 [quicksilver ooze (11)]
  8047 | Slime:1  | Slain by a quicksilver ooze

Illustrated notes

Levels and vault maps discovered:
D:1:      lightli_arrival_boilingwater, layout_rooms
D:2:      layout_rooms, chequers_avenue, minmay_fractal_squares_5
D:3:      layout_basic, shapermc_ecumenical_altar_flowoftime, serial_undead,
          serial_undead_f, serial_undead_a, serial_undead_b, serial_undead_b
D:4:      cheibrodos_thug_alley, layout_basic, minmay_temple_entry_hall,
          serial_shops, shop, uniq_sigmund
D:5:      layout_loops_ring, nicolae_wu_jian_glorious_leap, serial_shops,
          nicolae_shop_overgrown_old_shop
D:6:      layout_basic, nicolae_elemental_shop, uniq_duvessa
D:7:      layout_basic, chequers_temple_overflow_statue_of_worship,
          kb_xom_exploding_sheep
D:8:      minmay_cornered_nines, layout_loops_ring, erik_lair_island,
          hellmonk_ghost_happy_afterlife
Temple:   cyrus_circular_temple
Lair:1:   gammafunk_worm_tunnel, layout_small_grid, hangedman_tree_tricks,
          uniq_grum, uniq_joseph
Lair:2:   layout_cave_pods, minmay_swamp_entry_worms,
          nicolae_quartered_pool_medium, minmay_holes, grunt_megastairs_3
Lair:3:   layout_chaotic_city, minivault_19, minmay_shattered_shrine,
          infiniplex_staircase_pool, uniq_urug
Lair:4:   layout_roguey, spider_nest_entry_funnel_web, minivault_26,
          kilobyte_rumbling_trees, uniq_nessos
Lair:5:   layout_hall_layers, minmay_slime_entry_pillars, grunt_megastairs_2,
          uniq_rupert, uniq_snorg
Slime:1:  cheibrodos_slime_lost_civilization_2, layout_caves,
          cheibrodos_slime_lost_civilization_7

Skill      XL: |  1  2  3  4  5  6  7  8  9 10 11 |
---------------+----------------------------------+-----
Dodging        | 2 3 4 5 |  5.9
Unarmed Combat | 3 4 5 6 7 8 9 |  9.9
Fighting       | 3 4 5 6 |  6.3
Armour         | 1 2 3 4 |  4.5
Spellcasting   | 1 2 3 |  3.4
Shields        | 1 2 3 |  3.0
Earth Magic    | 1 2 3 |  3.2
Transmutations | 1 2 |  2.5
Poison Magic   | 1 2 |  2.1
Evocations     | 1 |  1.0
Stealth        | |  2.7
Translocations | |  0.2

Action                   |  1- 3 |  4- 6 |  7- 9 | 10-12 || total
-------------------------+-------+-------+-------+-------++-------
Melee: Unarmed           |   107 |   105 |   288 |   241 ||   741
       Punch             |       |     2 |     9 |    10 ||    21
       Giant spiked club |       |       |       |     2 ||     2
Throw: Stone             |       |       |     2 |     4 ||     6
 Cast: Passwall          |       |       |     3 |       ||     3
       Beastly Appendage |       |       |       |     1 ||     1
 Abil: End Transformatio |       |       |       |     1 ||     1
Evoke: Wand              |       |       |     7 |     3 ||    10
  Use: Scroll            |       |       |    14 |     6 ||    20
       Potion            |       |       |     1 |    16 ||    17
 Stab: Sleeping          |     3 |     2 |     6 |     1 ||    12
Armor: Robe              |    45 |    33 |    65 |       ||   143
       Troll leather arm |       |       |    12 |    78 ||    90
Dodge: Dodged            |    55 |    58 |   144 |   161 ||   418
Block: Kite shield       |       |       |       |     2 ||     2

Table legend: (Time is in decaauts)
 A = Elapsed time spent in this place.
 B = Non-inter-level travel time spent in this place.
 C = Inter-level travel time spent in this place.
 D = Time resting spent in this place.
 E = Time spent auto-exploring this place.
 F = Levels seen in this place.
 G = Mean time per level.
                   A        B        C        D        E       F      G
               +--------+--------+--------+--------+--------+-----+--------+
         Total |   8039 |   7669 |    370 |    233 |   4558 |  15 |  535.9 |
       Dungeon |   5834 |   5508 |    326 |     48 |   3920 |   8 |  729.2 |
        Temple |     61 |     54 |      7 |      0 |     41 |   1 |   61.0 |
          Lair |   2049 |   2012 |     37 |    174 |    597 |   5 |  409.8 |
    Slime Pits |     93 |     93 |      0 |     11 |      0 |   1 |   93.0 |
               +--------+--------+--------+--------+--------+-----+--------+

Top non-repeatable levels by time:
  Lair:1: 1657 daAuts
     D:6: 962 daAuts
     D:4: 955 daAuts
     D:3: 927 daAuts
     D:5: 891 daAuts
     D:7: 792 daAuts
     D:2: 547 daAuts
     D:1: 382 daAuts
     D:8: 375 daAuts
  Lair:2: 196 daAuts
  Lair:5: 149 daAuts
 Slime:1: 93 daAuts
  Temple: 61 daAuts
  Lair:4: 29 daAuts
  Lair:3: 16 daAuts

Table legend:
 A = Non-vault XP
 B = Vault XP
 C = Vault XP percentage of total XP
 D = Non-vault monster count
 E = Vault monster count
 F = Vault count percentage of total count
                 A         B        C        D         E       F
            +---------+---------+-------+---------+---------+-------
      Total |    9322 |    4197 |  31.0 |     146 |      44 |  23.2
            +---------+---------+-------+---------+---------+-------
        D:1 |      59 |       0 |   0.0 |      29 |       0 |   0.0
        D:2 |      23 |      24 |  51.1 |       8 |       8 |  50.0
        D:3 |      20 |       0 |   0.0 |       4 |       0 |   0.0
        D:4 |     310 |     434 |  58.3 |      20 |      12 |  37.5
        D:5 |    1072 |       0 |   0.0 |      17 |       0 |   0.0
        D:6 |    1072 |     225 |  17.3 |      23 |       2 |   8.0
        D:7 |     946 |       0 |   0.0 |      14 |       0 |   0.0
        D:8 |     515 |     677 |  56.8 |       8 |       8 |  50.0
     Lair:1 |    3629 |    1297 |  26.3 |      16 |       6 |  27.3
     Lair:2 |     963 |     946 |  49.6 |       5 |       4 |  44.4
     Lair:5 |     145 |     594 |  80.4 |       1 |       4 |  80.0
    Slime:1 |     568 |       0 |   0.0 |       1 |       0 |   0.0
            +---------+---------+-------+---------+---------+-------
